 Dungeon Crawl Stone Soup version 0.31-a0-700-gf13585253f (webtiles) character file.

Game seed: 12138449168049303843

114 qw the Shooter (level 4, -1/28 HPs)
             Began as a Gargoyle Hunter on Sept 7, 2023.
             Slain by an orc priest
             ... wielding a +0 falchion
              (4 damage)
             ... on level 3 of the Dungeon.
             The game lasted 00:00:39 (1743 turns).

qw the Shooter (Gargoyle Hunter)                    Turns: 1743, Time: 00:00:39

Health: -1/28      AC:  9    Str: 14    XL:     4   Next: 98%
Magic:  4/4        EV: 11    Int: 10    God:
Gold:   85         SH:  0    Dex: 15    Spells: 3/3 levels left

rFire   . . .        Y - +0 shortbow
rCold   . . .        (shield currently unavailable)
rNeg    + . .        d - +0 ring mail
rPois   inf          (no helmet)
rElec   +            (no cloak)
rCorr   .            (no gloves)
SInv    .            (no boots)
Will    .....        (no amulet) Stlth
                     (no ring)
HPRegen 0.24/turn    (no ring)
MPRegen 0.09/turn

%: no passive effects
@: confused
A: sickness immunity, AC +3, negative energy resistance 1, electricity
resistance, torment resistance 1, petrification resistance
a: no special abilities


You were on level 3 of the Dungeon.
You visited 1 branch of the dungeon, and saw 3 of its levels.

You collected 85 gold pieces.


Innate Abilities, Weirdness & Mutations

You are immune to sickness and miasma.
Your stone body is resilient. (AC +3)
You are immune to poison.
You resist negative energy. (rN+)
You are resistant to electric shocks. (rElec)
You are resistant to unholy torment.
You are immune to petrification.


   Skills:
 - Level 3.1 Fighting
 + Level 5.3 Ranged Weapons
 - Level 2.0 Armour
 - Level 1.5 Dodging
 - Level 1.1 Stealth


You had 3 spell levels left.
You didn't know any spells.
Your spell library was empty.

Inventory:

Hand Weapons
 Y - a +0 shortbow (weapon)
Armour
 d - a +0 ring mail (worn)
Scrolls
 a - a scroll of identify
Potions
 e - 2 potions of might

Dungeon Overview and Level Annotations

Branches:
Dungeon (3/15)

Altars:

Shops:
D:2 (


Message History

You shoot an arrow.
The arrow closely misses the orc priest.
The orc priest invokes the aid of Beogh against you.
Pain shoots through your body!
You shoot an arrow. The arrow hits the orc priest!
The orc priest is almost dead.
The orc priest barely misses you.
The orc wizard points at you and mumbles some strange words.
You are confused.
The orc priest calls down the wrath of Beogh upon you.
Beogh smites you!
The orc wizard hits you but does no damage.
The orc priest mumbles some strange prayers to Beogh against you.
Beogh smites you!
The orc wizard hits you but does no damage.
1736 ||| DRINKING potion of heal wounds.
You feel much better.
An orc comes into view. It is wielding a +0 hand axe.
The orc priest hits you but does no damage.
The orc wizard completely misses you. The orc wizard casts a spell at you.
You are more confused.
The orc priest mumbles some strange prayers to Beogh against you.
Pain shoots through your body!
The orc priest hits you but does no damage.
The orc wizard hits you but does no damage.
The orc wizard mumbles some strange words.
The orc wizard flickers and vanishes!
Deactivating autopickup; reactivate with Ctrl-A.
The orc priest mumbles some strange prayers to Beogh against you.
Beogh smites you!
Ouch! That really hurt!
Something hits you but does no damage.
The orc priest hits you with a +0 falchion.
Something hits you but does no damage.
The orc priest hits you but does no damage.
Something hits you but does no damage.
The orc priest hits you but does no damage.
The orc priest hits you with a +0 falchion.
You die...

## .# ..# .# ### #.# .#
..##### ##.#
.####...... ..#
...)....... ...
.##.#.##### #.##o# .#
.##.#.#######[##{###..#
.##........##.##@o...#
.####.####)##.##.###.)#
.# #.# #.##.##.# ## #.#
#.##.##.# #####.#
#.##.##.#
......####.##.##.#
#####.........>..#
.......###....####
##### ####.#


You could see an orc priest and an orc.

Vanquished Creatures
  Jessica (D:2)
  A gnoll (D:1)
  2 adders
  A worm (D:2)
  2 dart slugs
  An orc (D:3)
  5 endoplasms
  2 giant cockroaches (D:1)
  4 hobgoblins
  2 jackals (D:1)
  2 kobolds
  3 quokkas
  5 ball pythons
  8 bats
  A frilled lizard (D:1)
  6 goblins
  3 rats
49 creatures vanquished.

Notes
Turn   | Place    | Note
-------+----------+-------------------------------------------
     0 | D:1      | qw the Gargoyle Hunter began the quest for the Orb.
     0 | D:1      | Reached XP level 1. HP: 12/12 MP: 1/1
     0 | D:1      | 0 ||| qw: Version: 0.3-a-76-g4403597
     0 | D:1      | 0 ||| qw: Game counter: 584
     0 | D:1      | 0 ||| qw: Melee chars always use a shield: true
     0 | D:1      | 0 ||| qw: God list: Okawaru
     0 | D:1      | 0 ||| qw: Allow faded altars: false
     0 | D:1      | 0 ||| qw: Do Orc after clearing Dungeon:15 true
     0 | D:1      | 0 ||| qw: Do second Lair branch before Depths: true
     0 | D:1      | 0 ||| qw: Lair rune preference: random
     0 | D:1      | 0 ||| qw: Goals: Normal
     0 | D:1      | 0 ||| PLANNING D:1-11
   167 | D:1      | Reached XP level 2. HP: 17/17 MP: 2/2
   382 | D:1      | Reached XP level 3. HP: 21/21 MP: 3/3
   405 | D:1      | Reached skill level 5 in Ranged Weapons
   924 | D:1      | 924 ||| UPGRADING to +0 ring mail.
   934 | D:1      | 934 ||| DROPPING +0 leather armour.
   935 | D:1      | 935 ||| READING 2 scrolls labelled KEGHUA QAPRE.
   936 | D:1      | 936 ||| READING scroll labelled AREILA LOXA.
   937 | D:1      | 937 ||| DRINKING 2 ruby potions.
   938 | D:1      | 938 ||| DROPPING scroll of butterflies.
  1066 | D:2      | Found a faded altar of an unknown god.
  1097 | D:2      | Noticed Jessica
  1100 | D:2      | Killed Jessica
  1101 | D:2      | Reached XP level 4. HP: 27/27 MP: 4/4
  1152 | D:2      | Reached skill level 3 in Fighting
  1375 | D:2      | Found Ycalo's Antique Weapon Shoppe.
  1572 | D:2      | 1572 ||| READING scroll labelled XUSIUTHOUST.
  1575 | D:2      | 1575 ||| DRINKING 2 dark potions.
  1600 | D:3      | 1600 ||| STAIRDANCE
  1735 | D:3      | HP: 3/28 [orc priest/divine providence (10)]
  1736 | D:3      | 1736 ||| DRINKING potion of heal wounds.
  1740 | D:3      | HP: 3/28 [orc priest/+0 falchion (3)]
  1743 | D:3      | Slain by an orc priest

Levels and vault maps discovered:
D:1:      wander_arrival_chamber, layout_loops_corners
D:2:      layout_basic, serial_shops, shop, ebering_ecumenical_altar_rust,
          minivault_25, uniq_jessica
D:3:      layout_loops_ring, nicolae_ashenzari_panopticon,
          roderic_cross_of_infinity, uniq_ijyb, uniq_sigmund

Skill      XL: |  1  2  3  4 |
---------------+-------------+-----
Ranged Weapons | 5 |  5.3
Armour         | 2 |  2.0
Fighting       | 3 |  3.1
Dodging        | |  1.5
Stealth        | |  1.1

Action                     |  1- 3 |  4- 6 || total
---------------------------+-------+-------++-------
   Fire: Shortbow          |   106 |    43 ||   149
    Use: Scroll            |     2 |     1 ||     3
         Potion            |     1 |     2 ||     3
 Armour: Leather armour    |    17 |       ||    17
         Ring mail         |     2 |    23 ||    25
  Dodge: Dodged            |    29 |     9 ||    38

Table legend:
 A = Non-vault XP
 B = Vault XP
 C = Vault XP percentage of total XP
 D = Non-vault monster count
 E = Vault monster count
 F = Vault count percentage of total count
                 A         B        C        D         E       F
            +---------+---------+-------+---------+---------+-------
      Total |     127 |      37 |  22.6 |      48 |       1 |   2.0
            +---------+---------+-------+---------+---------+-------
        D:1 |      66 |       0 |   0.0 |      30 |       0 |   0.0
        D:2 |      37 |      37 |  50.0 |      12 |       1 |   7.7
        D:3 |      24 |       0 |   0.0 |       6 |       0 |   0.0
            +---------+---------+-------+---------+---------+-------
